 Dungeon Crawl Stone Soup version 0.28.0-45-g0d030f2227 (webtiles) character file.

Game seed: 328896475368298654

3520 theElss the Fighter (level 10, -11/65 HPs)
             Began as a Gargoyle Berserker on Apr 10, 2022.
             Was a Priest of Trog.
             Mangled by an orc knight
             ... wielding a +0 trident
              (13 damage)
             ... in a bailey.
             The game lasted 00:16:32 (7632 turns).

theElss the Fighter (Gargoyle Berserker)            Turns: 7632, Time: 00:16:35

Health: -11/65     AC: 21    Str: 24    XL:     10   Next: 8%
Magic:  10/10      EV: 10    Int:  9    God:    Trog [***...]
Gold:   501        SH:  0    Dex: 12    Spells: 9/9 levels left

rFire   . . .      SeeInvis .   a - +0 morningstar
rCold   + + +      Faith    .   (no shield)
rNeg    + . .      Spirit   .   k - +0 chain mail
rPois   ∞          Reflect  .   s - +0 helmet
rElec   +          Harm     .   (no cloak)
rCorr   .          Rampage  .   (no gloves)
Will    .....                   r - +1 pair of boots
Stlth   ..........              y - amulet "Parad" {Acrobat rC+++ Str+2 Dex-5}
HPRegen 0.20/turn               n - +6 ring of dexterity
MPRegen 0.12/turn               (no ring)

@: no status effects
A: sickness immunity, AC +7, negative energy resistance 1, electricity
resistance, torment resistance 1, petrification resistance
a: Renounce Religion, Berserk, Trog's Hand


You were in a bailey.
You worshipped Trog.
Trog was most pleased with you.
You visited 1 branch of the dungeon, and saw 8 of its levels.
You also visited: Bailey.

You collected 501 gold pieces.

Inventory:

Hand Weapons
 a - a +0 morningstar (weapon)
 j - a +0 flail of protection
Missiles
 q - a throwing net (quivered)
Armour
 k - a +0 chain mail (worn)
 r - a +1 pair of boots (worn)
 s - a +0 helmet (worn)
Jewellery
 m - a ring of ice
 n - a +6 ring of dexterity (left hand)
 y - the amulet "Parad" (around neck) {Acrobat rC+++ Str+2 Dex-5}
   (You found it on level 5 of the Dungeon)

   [amulet of the acrobat]

   It increases your evasion while moving and waiting.
   Str:       It affects your strength (+2).
   Dex:       It affects your dexterity (-5).
   rC:        It renders you almost immune to cold.
Wands
 B - a wand of polymorph (10)
Scrolls
 b - 2 scrolls of enchant weapon
 c - 3 scrolls of immolation
 d - a scroll of enchant armour {unknown}
 e - a scroll of magic mapping
 o - a scroll of holy word
 p - a scroll of fear {unknown}
 u - a scroll of fog {unknown}
 v - a scroll of silence
 x - a scroll of acquirement {unknown}
 A - a scroll of teleportation
 C - a scroll of identify
Potions
 f - a potion of lignification {unknown}
 g - 2 potions of might
 h - 2 potions of mutation
 i - 2 potions of cancellation {unknown}
 l - a potion of resistance {unknown}
 t - a potion of heal wounds {unknown}
 w - a potion of brilliance {unknown}
 z - a potion of magic {unknown}
Miscellaneous
 D - a lightning rod (4/4)


   Skills:
 + Level 8.4 Fighting
 + Level 7.6 Maces & Flails
 + Level 8.1 Armour
 + Level 6.0 Dodging


You had 9 spell levels left.
You didn't know any spells.
Your spell library was empty.

Dungeon Overview and Level Annotations

Branches:
Dungeon (8/15)             Temple (0/1) D:5          Bailey (1/1)
   Lair: D:8-11

Altars:
Sif Muna
The Shining One


Innate Abilities, Weirdness & Mutations

You are immune to sickness and miasma.
Your stone body is resilient. (AC +7)
You are immune to poison.
You resist negative energy. (rN+)
You are resistant to electric shocks. (rElec)
You are resistant to unholy torment.
You are immune to petrification.


Message History

You barely miss the orc warrior.
The orc warrior hits you but does no damage.
You closely miss the orc warrior.
The orc warrior hits you but does no damage.
You closely miss the orc warrior. The orc warrior completely misses you.
You closely miss the orc warrior. The orc warrior closely misses you.
You impale the orc warrior!!
The orc warrior is severely wounded.
The orc warrior hits you but does no damage.
You puncture the orc warrior!
You kill the orc warrior!
Trog accepts your kill.
Things that are here:
a +0 spear; a +0 chain mail; an orc corpse
There is an open door here.
You open the gate.
Found a lightning rod (4/4).
Found two gates leading back out of this place.
There is an open gate here.
You see here a lightning rod (4/4).
You see here a lightning rod (4/4).
D - a lightning rod (4/4)
You open the door. 3 orc knights and an orc come into view.
The orc knight shouts! x3
The orc knight hits you from afar with a +0 halberd!
The orc knight roars a battlecry!
The orcs go into a battle-frenzy!
Found a book of Minor Magic and 3 scrolls of enchant weapon.
You fail to use your ability.
The orc knight hits you from afar with a +0 halberd.
The orc knight roars a battlecry!
The orc knight goes into a battle-frenzy!
Your ogre goes berserk!
You can no longer call in reinforcements.
The orc knight hits you from afar with a +0 halberd!!
The orc knight hits you from afar with a +0 glaive!!
* * * LOW HITPOINT WARNING * * *
The orc knight hits you from afar with a +0 trident!
You die...

.. ###≈≈...............≈≈###≈≈..
..≈##.##≈...............≈##.##≈..
..≈#.....................))..#≈..
..≈##)∩#≈...............≈#∩.##≈..
..≈≈#.##≈....#######....≈##.#≈≈..
...≈≈.≈≈≈....##....##...≈≈≈.≈≈...
.............##O....##...........
.............##'''#..##..........
.........##..##∩@∩##..#..........
.........##.####'####.##.........
.........##.')#ooo#)'.##.........
.........##.###.8o###.##.........
.........##.')#?.:#)'.##.........
.........##.#########.##.........
..........#..##.#)##..#..........
..........##..#'#'#..##..........
...........##.......##...........


You could see 3 orc knights, an orc (strong) and a friendly ogre (summoned,
berserk).

Vanquished Creatures
  A hornet (D:7)
  Menkaure (D:7)
  2 sky beasts
  2 black bears (D:6)
  8 orc warriors (Bailey)
  A necrophage (D:5)
  4 ogres
  3 phantoms
  A kobold brigand (D:8)
  3 scorpions
  2 bullfrogs
  A water moccasin skeleton (D:6)
  A howler monkey (D:6)
  3 bullfrog zombies
  2 centaur zombies
  2 hounds
  2 jellies
  A bullfrog skeleton (D:6)
  An orc priest (D:8)
  A centaur skeleton (D:5)
  2 gnoll shamans
  2 iguanas
  Jessica (D:2)
  Terence (D:2)
  A hound zombie (D:5)
  2 hound skeletons (D:4)
  15 gnolls
  2 howler monkey skeletons (D:7)
  9 adders
  4 shadow imps
  2 white imps
  A worm (D:4)
  A dart slug (D:1)
  29 orcs
  5 ball pythons
  5 bats
  8 endoplasms
  4 giant cockroaches
  6 goblins
  5 hobgoblins
  8 jackals
  2 quokkas
  2 frilled lizards
  14 kobolds
  3 rats
176 creatures vanquished.

Notes
Turn   | Place    | Note
-------+----------+-------------------------------------------
     0 | D:1      | theElss the Gargoyle Berserker began the quest for the Orb.
     0 | D:1      | Reached XP level 1. HP: 14/14 MP: 1/1
   184 | D:1      | Reached XP level 2. HP: 14/19 MP: 2/2
   399 | D:1      | Found a faded altar of an unknown god.
   452 | D:1      | Reached XP level 3. HP: 20/23 MP: 3/3
   973 | D:1      | Reached ** piety under Trog
  1333 | D:2      | Reached XP level 4. HP: 18/29 MP: 4/4
  1542 | D:2      | Noticed Terence
  1548 | D:2      | Killed Terence
  1583 | D:2      | Noticed Jessica
  1588 | D:2      | Killed Jessica
  1589 | D:2      | Reached XP level 5. HP: 30/33 MP: 5/5
  2256 | D:3      | Found a glowing golden altar of the Shining One.
  2604 | D:4      | Noticed a phantom
  2634 | D:4      | Killed a phantom
  2635 | D:4      | Reached XP level 6. HP: 31/39 MP: 6/6
  2647 | D:4      | Noticed a sky beast
  2732 | D:4      | Killed a sky beast
  2733 | D:4      | Reached skill level 5 in Fighting
  3059 | D:4      | Reached XP level 7. HP: 40/44 MP: 7/7
  3696 | D:5      | Entered Level 5 of the Dungeon
  3703 | D:5      | Reached skill level 5 in Maces & Flails
  3703 | D:5      | Reached skill level 5 in Armour
  3731 | D:5      | Reached *** piety under Trog
  3787 | D:5      | Reached XP level 8. HP: 51/51 MP: 8/8
  4285 | D:5      | Identified the amulet "Parad" {Acrobat rC+++ Str+2 Dex-5}
  4509 | D:5      | Found a staircase to the Ecumenical Temple.
  5059 | D:6      | Reached XP level 9. HP: 54/56 MP: 9/9
  5199 | D:6      | Reached skill level 5 in Dodging
  5866 | D:7      | Noticed a hornet
  5875 | D:7      | Killed a hornet
  5914 | D:7      | Identified the +5 leather armour of Vexation {-Cast Harm
                  | rPois rC-}
  6142 | D:7      | Noticed Menkaure
  6148 | D:7      | Killed Menkaure
  6325 | D:7      | Found a shimmering blue altar of Sif Muna.
  7221 | D:8      | Found a flagged portal.
  7229 | Bailey   | Entered a bailey
  7253 | Bailey   | Reached **** piety under Trog
  7490 | Bailey   | Reached XP level 10. HP: 64/64 MP: 10/10
  7630 | Bailey   | Noticed an orc knight
  7630 | Bailey   | Noticed an orc knight
  7630 | Bailey   | Noticed an orc knight
  7632 | Bailey   | HP: 2/65 [orc knight/+0 glaive (26)]
  7632 | Bailey   | Mangled by an orc knight

Illustrated notes

Levels and vault maps discovered:
D:1:      ncdulo_lavacross, layout_loops_ring,
          hellmonk_ecumenical_altar_blasted, hangedman_decor_points,
          corexii_item_surrounded_by_moat, minmay_misc_feat_roman, st_stairs_11
D:2:      cheibrodos_old_hovel, layout_loops_ring, st_stairs_3,
          minmay_pentomino_z4, uniq_jessica, uniq_terence
D:3:      layout_basic, mainiacjoe_overflow_small_starburst
D:4:      layout_loops_cross, minmay_surrounded
D:5:      layout_basic, minmay_temple_entry_mist,
          hangedman_decor_clover_reticule, minmay_misc_feat_square
D:6:      layout_basic
D:7:      layout_basic, nicolae_sif_muna_little_library, uniq_menkaure
D:8:      layout_loops_ring, enter_bailey_2, kennysheep_generic_room_2,
          uniq_joseph
Bailey:   bailey_polearm_2, bailey

Skill      XL: |  1  2  3  4  5  6  7  8  9 10 |
---------------+-------------------------------+-----
Dodging        | 2 3 4 5 6 |  6.0
Armour         | 3 4 5 6 7 8 |  8.1
Fighting       | 4 5 6 8 |  8.4
Maces & Flails | 4 5 6 7 |  7.6

Action                   |  1- 3 |  4- 6 |  7- 9 | 10-12 || total
-------------------------+-------+-------+-------+-------++-------
Melee: Mace              |   107 |     7 |       |       ||   114
       Flail             |       |   177 |   176 |       ||   353
       Punch             |       |     2 |     5 |       ||     7
       Morningstar       |       |       |   247 |    18 ||   265
Invok: Berserk           |     1 |     4 |     8 |       ||    13
       Trog's Hand       |       |     1 |     2 |       ||     3
       Brothers in Arms  |       |       |       |     1 ||     1
  Use: Scroll            |       |       |     8 |       ||     8
 Stab: Sleeping          |     2 |       |       |       ||     2
Armor: Animal skin       |    18 |       |       |       ||    18
       Scale mail        |    39 |     3 |       |       ||    42
       Chain mail        |       |   133 |   300 |    11 ||   444
Dodge: Dodged            |    81 |    99 |   248 |    12 ||   440
